 Dungeon Crawl Stone Soup version 0.28.0 (webtiles) character file.

Game seed: 11911033773808457274

19 HallandMoats the Skirmisher (level 2, 0/24 HPs)
             Began as a Demonspawn Fighter on Feb 6, 2022.
             Slain by a jackal (1 damage)
             ... on level 2 of the Dungeon.
             The game lasted 00:01:11 (1055 turns).

HallandMoats the Skirmisher (Demonspawn Fighter)    Turns: 1055, Time: 00:01:11

Health: 0/24       AC:  6    Str: 16    XL:     2   Next: 55%
Magic:  2/2        EV:  9    Int:  9    God:
Gold:   13         SH:  0    Dex: 12    Spells: 1/1 levels left

rFire   . . .      SeeInvis .   (no weapon)
rCold   . . .      Faith    .   (no shield)
rNeg    . . .      Spirit   .   b - +0 scale mail
rPois   .          Reflect  .   (no helmet)
rElec   .          Harm     .   (no cloak)
rCorr   .          Rampage  .   (no gloves)
Will    .....                   (no boots)
Stlth   ..........              (no amulet)
HPRegen 0.08/turn               (no ring)
MPRegen 0.08/turn               (no ring)

@: no status effects
A: demonic touch 1
a: no special abilities


You were on level 2 of the Dungeon.
You visited 1 branch of the dungeon, and saw 2 of its levels.

You collected 13 gold pieces.

Inventory:

Hand Weapons
 a - a +0 war axe
Armour
 b - a +0 scale mail (worn)
 c - a +0 buckler
Scrolls
 e - a scroll of identify {unknown}
Potions
 d - a potion of might
 f - a potion of degeneration {unknown}
 g - a potion of heal wounds {unknown}
 h - a potion of curing
 i - a potion of brilliance {unknown}


   Skills:
 * Level 3.2 Fighting
 - Level 1.9 Axes
 + Level 2.8 Armour
 + Level 0.3 Dodging
 - Level 2.7 Shields
 * Level 0.3 Unarmed Combat
 * Level 1.2 Invocations


You had one spell level left.
You didn't know any spells.
Your spell library was empty.

Dungeon Overview and Level Annotations

Branches:
Dungeon (2/15)

Altars:

Shops:
D:1 *


Innate Abilities, Weirdness & Mutations

Your touch may inflict minor irresistible damage on your foes.


Message History

It was a potion of curing.
You feel better.
The jackal bites you but does no damage.
The quokka bites you.
* * * LOW HITPOINT WARNING * * *
You barely miss the quokka.
The quokka is almost dead.
The jackal bites you but does no damage.
The quokka closely misses you. The jackal barely misses you.
The quokka bites you.
* * * LOW HITPOINT WARNING * * *
You hit the quokka.
You kill the quokka!
The jackal barely misses you.
You hit the endoplasm but do no damage.
The endoplasm is almost dead.
The jackal barely misses you.
The endoplasm hits you but does no damage.
The jackal bites you but does no damage.
You hit the endoplasm.
You kill the endoplasm!
The jackal barely misses you.
You swing at nothing.
A jackal comes into view.
The jackal bites you but does no damage.
You barely miss the jackal. The jackal bites you.
* * * LOW HITPOINT WARNING * * *
The jackal closely misses you.
You closely miss the jackal. The jackal bites you.
* * * LOW HITPOINT WARNING * * *
You closely miss the jackal. The jackal barely misses you.
You barely miss the jackal. The jackal closely misses you.
The jackal bites you.
* * * LOW HITPOINT WARNING * * *
You closely miss the jackal.
The jackal bites you but does no damage.
You hit the jackal but do no damage.
You touch the jackal.
The jackal is heavily wounded.
The jackal bites you but does no damage.
The jackal bites you.
You die...

######## #......#
##......##
.......[> #......#
.#.....<# .
........#######....
##>.......†@hhh#
#......######.#
#......# #....(.#
##.###.# #. #.# #
#.# #.


You could see 3 jackals.

Vanquished Creatures
  2 ball pythons (D:1)
  2 bats
  An endoplasm (D:2)
  A giant cockroach (D:1)
  2 goblins (D:1)
  4 hobgoblins (D:1)
  A quokka (D:2)
  A frilled lizard (D:1)
  2 rats (D:1)
16 creatures vanquished.

Notes
Turn   | Place    | Note
-------+----------+-------------------------------------------
     0 | D:1      | HallandMoats the Demonspawn Fighter began the quest for the
                  | Orb.
     0 | D:1      | Reached XP level 1. HP: 18/18 MP: 1/1
   239 | D:1      | Found Agatif's Assorted Antiques.
   485 | D:1      | Gained mutation: Your touch may inflict minor irresistible
                  | damage on your foes. [demonic ancestry]
   485 | D:1      | Reached XP level 2. HP: 24/24 MP: 2/2
   523 | D:1      | Reached skill level 1 in Invocations
  1041 | D:2      | HP: 1/24 [quokka (4)]
  1053 | D:2      | HP: 1/24 [jackal (2)]
  1055 | D:2      | Slain by a jackal

Illustrated notes

Levels and vault maps discovered:
D:1:      psy_arrival_dodecagon, layout_basic, serial_shops, shop,
          minmay_misc_feat_roman, minmay_statues_item,
          minmay_misc_feat_nine_boxes
D:2:      layout_rooms, hellmonk_ecumenical_altar_heavens_door

Skill      XL: |  1  2 |
---------------+-------+-----
Invocations    | 1 |  1.2
Fighting       | |  3.2
Axes           | |  1.9
Armour         | |  2.8
Dodging        | |  0.3
Shields        | |  2.7
Unarmed Combat | |  0.3

Action                   || total
-------------------------++-------
Melee: War axe           ||    17
       Unarmed           ||    41
       Touch             ||     6
       Punch             ||     1
  Use: Potion            ||     1
Armor: Scale mail        ||    34
Dodge: Dodged            ||    35
Block: Buckler           ||     4
